 Dungeon Crawl Stone Soup version 0.30.0-16-gbe6223bb7e (webtiles) character file.

Game seed: 4266663874764842470

10586 RascalDebosk the Fighter (level 11, -11/89 HPs)
             Began as a Djinni Summoner on May 20, 2023.
             Was a Follower of Ashenzari.
             Mangled by a yak (14 damage)
             ... on level 10 of the Dungeon on May 21, 2023.
             The game lasted 01:49:33 (12927 turns).

RascalDebosk the Fighter (Djinni Summoner)         Turns: 12927, Time: 01:49:33

Health: -11/89     AC:  8    Str:  7    XL:     11   Next: 95%
Gold:   602        EV: 13    Int: 22    God:    Ashenzari [*.....] SH:  0 Dex: 13

rFire   + + .        q - +2 dagger (flame)
rCold   x . .        (no shield)
rNeg    . . .        j - +2 robe "Eternal Regret" {Will+, Cun, Self} (curse)
rPois   ∞            i - +0 helmet
rElec   .            (no cloak)
rCorr   .            e - +2 pair of gloves "Skepticism of Ashenzari" {Self, Cun} (curse)
SInv    .            (boots unavailable)
Will    ++...        u - amulet of the acrobat
Stlth   ++           (no ring)
HPRegen 0.34/turn    (no ring)
MPRegen 0.00/turn

%: acrobat, infuse magic (-12 HP)
@: flying
A: sickness immunity, fire resistance 2, cold vulnerability 1, float, innate
caster, HP casting, extra vitality 1
a: Renounce Religion, Curse Item, Shatter the Chains


You were on level 10 of the Dungeon.
You worshipped Ashenzari.
Ashenzari was aware of your devotion.
You visited 2 branches of the dungeon, and saw 11 of its levels.

You collected 602 gold pieces.

Inventory:

Hand Weapons
 a - a +3 scimitar of flaming
 q - a +2 dagger of flaming (weapon)
Armour
 e - the cursed +2 pair of gloves "Skepticism of Ashenzari" (worn) {Self, Cun}
   (You found it on level 1 of the Dungeon)

   It has a curse which improves the following skills: Introspection: Fighting
   and Spellcasting.
   Cunning:   Dodging and Stealth.
 i - a +0 helmet (worn)
 j - the cursed +2 robe "Eternal Regret" (worn) {Will+, Cun, Self}
   (You found it on level 1 of the Dungeon)

   It has a curse which improves the following skills: Cunning: Dodging and
   Stealth.
   Introspection: Fighting and Spellcasting.
 E - +0 steam dragon scales
Jewellery
 u - an amulet of the acrobat (around neck)
Wands
 v - a wand of light (6)
 G - a wand of charming (21)
Scrolls
 d - 2 scrolls of noise
 f - 2 scrolls of fog
 g - a scroll of blinking
 k - 2 scrolls of magic mapping
 m - 3 scrolls of fear
 r - a scroll of enchant armour
 t - 6 scrolls of teleportation
 y - 5 scrolls of poison
 F - 2 scrolls of vulnerability
 H - a scroll of butterflies
Potions
 b - 2 potions of heal wounds
 c - 3 potions of curing
 h - 2 potions of haste
 l - 3 potions of berserk rage
 n - a potion of resistance
 o - 3 potions of mutation
 p - 3 potions of lignification
 s - 3 potions of attraction
 x - a potion of invisibility
 z - a potion of ambrosia
 A - a potion of might
 C - 2 potions of brilliance
Miscellaneous
 B - a box of beasts


   Skills:
 * Level 11.0(12.1) Fighting
 + Level 5.3 Short Blades
 - Level 4.0 Armour
 - Level 2.1(3.1) Dodging
 - Level 1.5(2.4) Stealth
 * Level 9.6(10.8) Spellcasting
 + Level 4.0 Evocations


You knew the following spells:

 Your Spells              Type           Power      Damage    Failure   Level
a - Summon Small Mammal   Summ           100%       N/A       1%          1
b - Call Imp              Summ           100%       N/A       1%          2
c - Call Canine Familiar  Summ           56%        N/A       1%          3
d - Summon Guardian Gole  Hex/Summ       56%        N/A       1%          3
e - Summon Lightning Spi  Summ/Air       56%        N/A       1%          4
f - Kiss of Death         Conj/Necr      100%       2d13      1%          1
g - Passwall              Tmut/Erth      46%        N/A       1%          2
h - Spider Form           Tmut/Pois      56%        N/A       1%          3
i - Volatile Blastmotes   Fire/Tloc      100%       2d18      1%          3
j - Petrify               Tmut/Erth      56%        N/A       1%          4
Your spell library was empty.

Dungeon Overview and Level Annotations

Branches:
Dungeon (10/15)            Temple (1/1) D:4            Lair (0/5) D:9
    Orc: D:9-12

Altars:
Ashenzari
Cheibriados
Dithmenos
Elyvilon
Fedhas
Gozag
Hepliaklqana
Nemelex Xobeh
Okawaru
Qazlal
Ru
Trog
Uskayaw
Wu Jian
Xom
Yredelemnul
Zin
The Shining One

Shops:
D:7 [

Annotations:
Temple 4 transporters


Innate Abilities, Weirdness & Mutations

You are immune to sickness and miasma.
You are immune to poison.
Your flesh is very heat resistant. (rF++)
You are vulnerable to cold. (rC-)
You float through the air rather than walking.
You learn spells naturally, not from books.
Your magical power is your life essence.
You have superior vitality. (+4 MHP)


Message History

The yak gores you.
Casting: Call Canine Familiar (safe; 1% risk of failure)
Confirm with . or Enter, or press ? or * to list all spells.
A tiny devil pulls itself out of the air.
Your cerulean imp disappears in a puff of smoke!
Your wolf bites the yak but does no damage.
The yak gores you!
Casting: Call Imp (safe; 1% risk of failure)
Confirm with . or Enter, or press ? or * to list all spells.
Your wolf bites the yak.
Your wolf bites the yak!
The yak closely misses you. The yak misses your cerulean imp.
Your cerulean imp hits the yak with a +1 spear.
Casting: Summon Small Mammal (safe; 1% risk of failure)
Confirm with . or Enter, or press ? or * to list all spells.
Your wolf bites the yak!
Your quokka barely misses the yak.
Your wolf bites the yak.
The yak barely misses you.
The yak barely misses your cerulean imp.
Your cerulean imp hits the yak with a +1 spear.
Casting: Summon Small Mammal (safe; 1% risk of failure)
Confirm with . or Enter, or press ? or * to list all spells.
An electric hum fills the air.
Your wolf closely misses the yak.
Your quokka closely misses the yak.
Your quokka barely misses the yak.
The yak gores your cerulean imp. The yak gores your wolf! The yak gores you!
The yak barely misses your quokka.
Your cerulean imp hits the yak but does no damage.
Your wolf closely misses the yak.
Your quokka bites the yak.
Your wolf barely misses the yak.
Your quokka bites the yak but does no damage.
The yak gores your quokka!
Your quokka dies!
Your quokka's corpse disappears in a puff of smoke!
The yak gores your cerulean imp! The yak gores your wolf!
Your wolf dies!
Your wolf's corpse disappears in a puff of smoke!
The yak gores your cerulean imp!
Your cerulean imp dies!
Your cerulean imp disappears in a puff of smoke!
There is an open door here.
Your quokka barely misses the yak.
The yak misses you. The yak completely misses you.
Casting: Summon Lightning Spire (mildly dangerous; 1% risk of failure)
Confirm with . or Enter, or press ? or * to list all spells.
Your quokka completely misses the yak.
The yak misses you. The yak barely misses you.
The yak gores you but does no damage.
Your lightning spire shoots out a bolt of lightning at the yak!
The bolt of electricity hits the yak! x2
The yak dies!
The bolt of electricity hits the yak!
Your base Fighting skill increases to level 11!
Casting: Call Canine Familiar (safe; 1% risk of failure)
Confirm with . or Enter, or press ? or * to list all spells.
A tiny devil pulls itself out of the air.
Your quokka bites the yak but does no damage.
Your wolf bites the yak.
The yak gores you!
* * * LOW HITPOINT WARNING * * *
The yak gores you but does no damage.
Your quokka bites the yak.
The yak gores you but does no damage. The yak gores your wolf!
The yak gores you.
* * * LOW HITPOINT WARNING * * *
Casting: Call Imp (safe; 1% risk of failure)
Confirm with . or Enter, or press ? or * to list all spells.
* * * LOW HITPOINT WARNING * * *
Your wolf bites the yak but does no damage.
Your wolf bites the yak!
Your quokka bites the yak.
The yak gores you.
* * * LOW HITPOINT WARNING * * *
The yak closely misses you. The yak gores you!
* * * LOW HITPOINT WARNING * * *
The yak barely misses you.
Your lightning spire shoots out a bolt of lightning at the yak!
The bolt of electricity hits your quokka!
Your quokka dies!
Your quokka's corpse disappears in a puff of smoke!
The bolt of electricity hits the yak! x2; The yak gores you but does no damage.
Your cerulean imp hits the yak but does no damage.
Unknown command.
Casting: Summon Small Mammal (safe; 1% risk of failure)
Confirm with . or Enter, or press ? or * to list all spells.
* * * LOW HITPOINT WARNING * * *
Your wolf barely misses the yak.
Your quokka bites the yak but does no damage.
Your wolf barely misses the yak.
The yak gores your quokka. The yak gores you.
* * * LOW HITPOINT WARNING * * *
The yak completely misses you. The yak closely misses your rat.
The yak closely misses you.
Your cerulean imp hits the yak but does no damage.
You hit the yak but do no damage.
The yak is moderately wounded.
Your wolf barely misses the yak.
Your quokka barely misses the yak.
Unknown command.
You barely miss the yak.
The yak is moderately wounded.
Your wolf bites the yak.
Your rat closely misses the yak.
The yak gores you!
* * * LOW HITPOINT WARNING * * *
The yak gores you.
* * * LOW HITPOINT WARNING * * *
The yak gores your rat!
Your rat dies!
Your rat's corpse disappears in a puff of smoke!
The yak gores you!
You die...

#..## . ##).# #........
# ######)## #(....... #
#.......# #........ #
#.......# #........ ##
#.......# #..!.....
.###.......# #h.......
..##.......# #YY5.....
#..#.......#####@Y......
##.#.......'..8§YY......
#.'.......#####..r.....
###.......# #########
#########


You could see 5 yaks, a friendly wolf (summoned), a friendly lightning spire
(summoned), a friendly cerulean imp (summoned) and a friendly quokka (summoned).

Vanquished Creatures
  A killer bee (D:8)
  A nameless horror (D:5)
  An iguana (D:6)
  A shadow imp (D:8)
  An ufetubus (D:8)
  An orc (D:3)
  A hobgoblin (D:4)
  A jackal (D:3)
  2 kobolds (D:3)
10 creatures vanquished.

Vanquished Creatures (collateral kills)
  3 two-headed ogres
  Joseph (D:9)
  An unseen horror (D:10)
  A hornet (D:7)
  A wraith (D:10)
  A wyvern (D:7)
  A yak (D:10)
  5 steam dragons
  Edmund (D:6)
  A water moccasin (D:8)
  An acid dragon (D:8)
  A black bear (D:5)
  2 ice beasts
  2 orc warriors
  2 sky beasts (D:10)
  An ogre (D:3)
  2 centaurs
  2 kobold brigands
  2 phantoms
  A bullfrog (D:9)
  A gnoll sergeant (D:9)
  5 scorpions
  7 wights
  11 killer bees
  2 nameless horrors
  A quasit (D:8)
  2 jellies
  8 hounds
  An orc priest (D:6)
  9 iguanas
  A sleepcap (D:3)
  11 orc wizards
  9 adders
  27 gnolls
  3 shadow imps (D:8)
  2 white imps
  5 ufetubi
  3 worms
  2 dart slugs
  43 orcs
  5 ball pythons
  2 endoplasms
  2 giant cockroaches
  5 hobgoblins
  12 jackals (D:3)
  5 quokkas
  5 bats
  3 frilled lizards
  11 goblins
  15 kobolds
  7 rats
257 creatures vanquished.

Vanquished Creatures (others)
  Erica (D:9)
  A two-headed ogre (D:10)
  Prince Ribbit (D:7)
  A hornet (D:9)
  A yak (D:9)
  A black bear (D:9)
  An orc warrior (D:5)
  A sky beast (D:10)
  An ogre (D:6)
  A centaur (D:9)
  A kobold brigand (D:10)
  5 wights
  2 killer bees
  2 orc priests (D:8)
  2 iguanas
  5 orc wizards
  A nameless horror (D:7)
  5 gnolls
  5 orcs
  A kobold (D:10)
39 creatures vanquished.

Grand Total: 306 creatures vanquished

Notes
Turn   | Place    | Note
-------+----------+-------------------------------------------
     0 | D:1      | RascalDebosk the Djinni Summoner began the quest for the
                  | Orb.
     0 | D:1      | RascalDebosk set off with the following spells memorised:
                  | Summon Small Mammal, Call Imp, Call Canine Familiar, Summon
                  | Guardian Golem, Summon Lightning Spire.
     0 | D:1      | Reached XP level 1. HP: 15/15 MP: 0/0
   198 | D:1      | Found a faded altar of an unknown god.
   208 | D:1      | Reached XP level 2. HP: 21/21 MP: 0/0
   766 | D:1      | Reached XP level 3. HP: 21/25 MP: 0/0
   766 | D:1      | Learned a level 1 spell: Kiss of Death
  1130 | D:2      | Reached XP level 4. HP: 24/31 MP: 0/0
  1806 | D:3      | Reached XP level 5. HP: 27/36 MP: 0/0
  1806 | D:3      | Learned a level 2 spell: Passwall
  1930 | D:3      | Reached skill level 1 in Fighting
  2356 | D:3      | Reached skill level 1 in Armour
  2479 | D:3      | Found a stormy altar of Qazlal.
  2675 | D:3      | Reached skill level 2 in Fighting
  2675 | D:3      | Reached XP level 6. HP: 31/43 MP: 0/0
  3096 | D:3      | Reached skill level 5 in Spellcasting
  3150 | D:3      | Reached skill level 3 in Fighting
  3207 | D:3      | Reached XP level 7. HP: 17/50 MP: 0/0
  3207 | D:3      | Learned a level 3 spell: Spider Form
  3957 | D:4      | Noticed a nameless horror
  3960 | D:4      | Killed a nameless horror
  4126 | D:4      | Reached skill level 4 in Fighting
  4312 | D:4      | Found a staircase to the Ecumenical Temple.
  4318 | Temple   | Entered the Ecumenical Temple
  4318 | Temple   | Found a transporter.
  4318 | Temple   | Found a transporter.
  4320 | Temple   | Found a transporter.
  4320 | Temple   | Found a transporter.
  4362 | D:4      | Reached XP level 8. HP: 41/58 MP: 0/0
  5053 | D:5      | Entered Level 5 of the Dungeon
  5283 | D:5      | Reached skill level 5 in Fighting
  6088 | D:5      | Reached XP level 9. HP: 55/66 MP: 0/0
  6088 | D:5      | Learned a level 3 spell: Volatile Blastmotes
  6185 | D:5      | Reached skill level 6 in Fighting
  6494 | D:6      | Noticed Edmund
  6516 | D:6      | Killed Edmund
  6712 | D:6      | Reached skill level 1 in Evocations
  6717 | D:6      | Reached skill level 7 in Fighting
  6831 | D:6      | Reached skill level 1 in Short Blades
  7698 | D:7      | Noticed Prince Ribbit
  7698 | D:7      | Found Hauryiso's Armour Emporium.
  7718 | D:7      | Killed Prince Ribbit
  7727 | D:7      | Noticed a hornet
  7733 | D:7      | Killed a hornet
  7734 | D:7      | Reached XP level 10. HP: 17/76 MP: 0/0
  8234 | D:7      | Reached skill level 8 in Fighting
  8417 | D:7      | Identified the +6 chain mail "Noexkoes" {rCorr}
  8515 | D:7      | Found a snail-covered altar of Cheibriados.
  8520 | D:7      | Found an opulent altar of Gozag.
  8528 | D:7      | Found a basalt altar of Yredelemnul.
  8533 | D:7      | Found a sacrificial altar of Ru.
  8545 | D:7      | Found a broken altar of Ashenzari.
  8549 | D:7      | Became a worshipper of Ashenzari the Shackled
 10662 | D:9      | Noticed Joseph
 10676 | D:9      | Reached * piety under Ashenzari
 10678 | D:9      | Killed Joseph
 10750 | D:9      | Noticed a two-headed ogre
 10756 | D:9      | Reached skill level 9 in Fighting
 10760 | D:9      | Noticed Erica
 10763 | D:9      | Killed a two-headed ogre
 10764 | D:9      | Reached XP level 11. HP: 73/86 MP: 0/0
 10764 | D:9      | Learned a level 4 spell: Petrify
 10768 | D:9      | Killed Erica
 11334 | D:9      | Reached skill level 10 in Fighting
 11682 | D:9      | Found a staircase to the Lair.
 11852 | D:10     | Entered Level 10 of the Dungeon
 11992 | D:10     | Noticed a two-headed ogre
 12004 | D:10     | Killed a two-headed ogre
 12244 | D:10     | Noticed a two-headed ogre
 12250 | D:10     | Killed a two-headed ogre
 12250 | D:10     | Noticed a two-headed ogre
 12251 | D:10     | Reached skill level 5 in Short Blades
 12258 | D:10     | Killed a two-headed ogre
 12853 | D:10     | Identified the +1 robe "Mitor" {rCorr}
 12923 | D:10     | Reached skill level 11 in Fighting
 12927 | D:10     | HP: 3/89 [yak (2)]
 12927 | D:10     | Mangled by a yak

Illustrated notes

Levels and vault maps discovered:
D:1:      dpeg_arrival_water_temple_mockup, layout_basic,
          shapermc_ecumenical_altar_acropolis
D:2:      layout_basic
D:3:      lemuel_castle_with_subvaults [lemuel_castle_interior_carwin_3],
          layout_loops_cross, mainiacjoe_overflow_concentric_impassable,
          st_stairs_8, minmay_misc_feat_encased, serial_bayou_lagoon_b
D:4:      layout_rooms, minmay_temple_entry_gardened_gates, minmay_surrounded
D:5:      minmay_razor_zed, layout_rooms
D:6:      layout_rooms, serial_co_window_serial, co_window_of_opportunity_a,
          co_window_corner_a, co_window_paths_a, co_window_paths_b,
          co_window_paths_b, co_window_broadway_a, co_window_unsneaky_path_b,
          co_window_2corner, co_window_paths_c, co_window_paths_e,
          glass_columns_b, kennysheep_diamond, uniq_edmund
D:7:      layout_rooms, grunt_temple_overflow_octagram, nicolae_stop_n_shop_1,
          uniq_prince_ribbit1
D:8:      layout_cave_pods, serial_demonic, serial_demonic_g, serial_demonic_g,
          serial_demonic_b, serial_demonic_c, serial_demonic_g,
          serial_demonic_b, chequers_garden, minmay_quadrilaterals
D:9:      layout_loops_cross, grunt_lair_entry_orc_guard_hut,
          grunt_ministairs_6, uniq_joseph, uniq_erica
D:10:     layout_roguey, nicolae_overflow_hidden_temple,
          mrwooster_statue_mirror, hangedman_misty_isle
Temple:   hellmonk_temple_divided_pantheon

Skill      XL: |  1  2  3  4  5  6  7  8  9 10 11 |
---------------+----------------------------------+-----
Spellcasting   | 4 5 6 7 8 9 |  9.6
Fighting       | 2 3 4 5 7 9 11 | 11.0
Armour         | 1 2 4 |  4.0
Evocations     | 2 4 |  4.0
Short Blades   | 2 3 5 |  5.3
Dodging        | |  2.1
Stealth        | |  1.5

Action                     |  1- 3 |  4- 6 |  7- 9 | 10-12 || total
---------------------------+-------+-------+-------+-------++-------
  Melee: Unarmed           |     1 |       |     5 |     3 ||     9
         Dagger            |       |    59 |    64 |    23 ||   146
   Cast: Summon Small Mamm |    46 |    55 |    69 |    51 ||   221
         Call Imp          |    15 |    18 |    29 |    25 ||    87
         Call Canine Famil |     4 |    18 |    31 |    39 ||    92
         Summon Guardian G |       |    19 |    39 |    27 ||    85
         Summon Lightning  |       |     8 |    46 |    40 ||    94
         Passwall          |       |       |     2 |       ||     2
         Spider Form       |       |       |     2 |     1 ||     3
         Volatile Blastmot |       |       |       |     4 ||     4
 Invoke: Curse Item        |       |       |       |     2 ||     2
    Use: Scroll            |       |       |       |     7 ||     7
   Stab: Distracted        |       |       |     1 |     1 ||     2
 Armour: Robe              |     3 |    12 |    16 |    15 ||    46
  Dodge: Dodged            |    25 |    61 |    85 |    97 ||   268
